 Dungeon Crawl Stone Soup version 0.29-a0-106-g0a07039d5a (webtiles) character file.

Game seed: 11240127653748372545

10 YayAnonymity the Chucker (level 2, -1/31 HPs)
             Began as an Ogre Hunter on Feb 16, 2022.
             Frozen to death by an endoplasm (3 damage)
             ... on level 1 of the Dungeon.
             The game lasted 00:01:04 (374 turns).

YayAnonymity the Chucker (Ogre Hunter)               Turns: 374, Time: 00:01:04

Health: -1/31      AC:  3    Str: 15    XL:     2   Next: 20%
Magic:  2/2        EV: 10    Int: 12    God:
Gold:   0          SH:  0    Dex:  9    Spells: 1/1 levels left

rFire   . . .      SeeInvis .   e - +0 whip (venom)
rCold   . . .      Faith    .   (no shield)
rNeg    . . .      Spirit   .   b - +0 robe
rPois   .          Reflect  .   (helmet restricted)
rElec   .          Harm     .   (no cloak)
rCorr   .          Rampage  .   (gloves unavailable)
Will    .....                   (boots unavailable)
Stlth   +.........              (no amulet)
HPRegen 0.10/turn               (no ring)
MPRegen 0.08/turn               (no ring)

@: no status effects
A: large, unfitting armour, tough skin 1
a: no special abilities


You were on level 1 of the Dungeon.
You visited 1 branch of the dungeon, and saw 1 of its levels.

Inventory:

Hand Weapons
 a - a +0 short sword
 e - a +0 whip of venom (weapon)
Missiles
 c - 5 large rocks (quivered)
 d - 2 throwing nets
Armour
 b - a +0 robe (worn)


   Skills:
 + Level 3.1 Fighting
 + Level 4.1 Throwing
 + Level 2.1 Dodging
 - Level 0.6 Stealth


You had one spell level left.
You didn't know any spells.
Your spell library contained the following spells:

 Spells                   Type           Power      Damage    Failure   Level
 Freeze                   Ice            0%         1d3       32%         1
 Frozen Ramparts          Ice            0%         1d2       69%         3
 Hailstorm                Conj/Ice       0%         3d3       97%         4


Dungeon Overview and Level Annotations

Branches:
Dungeon (1/15)

Altars:


Innate Abilities, Weirdness & Mutations

You are too large for most types of armour.
You have tough skin. (AC +1)


Message History

The endoplasm is lightly wounded.
The endoplasm freezes you.
You are frozen.
You aren't carrying any potions.
You aren't carrying any scrolls.
A quokka comes into view.
The quokka moves out of view.
You hit the kobold.
The kobold is severely wounded.
A giant cockroach comes into view.
The endoplasm freezes you.
You are frozen.
The kobold closely misses you.
You hit the kobold.
You kill the kobold!
The endoplasm misses you.
You see here a +0 whip of venom.
e - a +0 whip of venom The endoplasm hits you but does no damage.
Your +0 whip of venom begins to drip with poison!
e - a +0 whip of venom (weapon)
The endoplasm hits you.
* * * LOW HITPOINT WARNING * * *
The ball python closely misses you.
You barely miss the quokka. The quokka bites you.
* * * LOW HITPOINT WARNING * * *
The endoplasm freezes you.
You are frozen.
* * * LOW HITPOINT WARNING * * *
The quokka barely misses you.
The ball python bites you but does no damage.
You hit the endoplasm.
The endoplasm is heavily wounded.
The quokka bites you but does no damage.
The ball python closely misses you. The endoplasm barely misses you.
You hit the quokka.
The quokka is poisoned.
The quokka is moderately wounded.
The quokka barely misses you. The ball python misses you.
The endoplasm freezes you.
You are frozen.
You die...

#.###..............
..........).......#
...........).....#
.........#..#
........##..#
............##
........#....####
♣.......##....bS##
.♣.....###..###J@#
.♣......##..#
##.rB#
P♣......##..#
###.....
P♣..........####
###...
.♣.............# ..
.♣.......##.##....
P♣.....#.##..# ##.
P♣..[.##.###.#
♣♣...###.# ##


You could see an endoplasm, a quokka (very poisoned), a giant cockroach, a bat
and a ball python.

Vanquished Creatures
  2 dart slugs (D:1)
  A goblin (D:1)
  A hobgoblin (D:1)
  A frilled lizard (D:1)
  A kobold (D:1)
  A rat (D:1)
7 creatures vanquished.

Notes
Turn   | Place    | Note
-------+----------+-------------------------------------------
     0 | D:1      | YayAnonymity the Ogre Hunter began the quest for the Orb.
     0 | D:1      | Reached XP level 1. HP: 22/22 MP: 1/1
    34 | D:1      | Reached XP level 2. HP: 3/31 MP: 2/2
   374 | D:1      | Frozen to death by an endoplasm

Illustrated notes

Levels and vault maps discovered:
D:1:      scummos_arrival_checkerplants, layout_rooms

Skill      XL: |  1 |
---------------+----+-----
Fighting       | 3 |  3.1
Dodging        | 2 |  2.1
Throwing       | |  4.1
Stealth        | |  0.6

Action                   || total
-------------------------++-------
Melee: Short sword       ||    41
       Punch             ||     1
       Whip              ||     3
Armor: Robe              ||    26
Dodge: Dodged            ||    42

Table legend: (Time is in decaauts)
 A = Elapsed time spent in this place.
 B = Non-inter-level travel time spent in this place.
 C = Inter-level travel time spent in this place.
 D = Time resting spent in this place.
 E = Time spent auto-exploring this place.
 F = Levels seen in this place.
 G = Mean time per level.
                   A        B        C        D        E       F      G
               +--------+--------+--------+--------+--------+-----+--------+
         Total |    377 |    377 |      0 |    271 |     30 |   1 |  377.0 |
       Dungeon |    377 |    377 |      0 |    271 |     30 |   1 |  377.0 |
               +--------+--------+--------+--------+--------+-----+--------+

Top non-repeatable levels by time:
     D:1: 377 daAuts
